 Dungeon Crawl Stone Soup version 0.18-a0-1312-gf98331d (webtiles) character file.

7912 M4edhros the Nimble (level 11, -4/56 HPs)
             Began as an Octopode Artificer on Feb 15, 2016.
             Was an Elder of Fedhas.
             Slain by an eight-headed hydra (16 damage)
             ... on level 11 of the Dungeon.
             The game lasted 00:24:28 (8980 turns).

M4edhros the Nimble (Octopode Artificer)            Turns: 8980, Time: 00:24:28

Health: -4/56      AC:  3    Str: 13    XL:     11   Next: 22%
Magic:  18/18      EV: 25    Int: 17    God:    Fedhas [****..]
Gold:   278        SH:  0    Dex: 19    Spells: 0 memorised, 10 levels left

rFire  . . .     SeeInvis .     j - +0 short sword (elec)
rCold  . . .     Gourm    .     (no shield)
rNeg   . . .     Faith    .     (helmet restricted)
rPois  +         Spirit   .     n - amulet of regeneration
rElec  .         Dismiss  .     o - +4 ring of evasion
rCorr  .         Reflect  .     q - ring of protection from magic
SustAt +         Harm     .     F - +2 ring of protection
MR     +....                    O - ring of sustain attributes
Stlth  ++++++....               R - ring "Niwn" {+Fly rPois Str+2 Dex+6}
                                (no ring)
                                (no ring)
                                (no ring)

@: somewhat resistant to hostile enchantments, very stealthy
A: almost no armour, amphibious, 8 rings, constrict 8, camouflage 1, frail 1,
wild magic 1, gelatinous body 1
a: Evolution, Sunlight, Growth, Reproduction, Renounce Religion, Evoke Flight


You were on level 11 of the Dungeon.
You worshipped Fedhas.
Fedhas was greatly pleased with you.
You were not hungry.

You visited 2 branches of the dungeon, and saw 12 of its levels.

You collected 440 gold pieces.
You spent 162 gold pieces at shops.

Inventory:

Hand Weapons
 j - a +0 short sword of electrocution (weapon)
 y - a +0 war axe of freezing
 N - a +1 mace of protection
 P - a +1 dagger of venom
 S - a +1 hunting sling of freezing
Missiles
 i - 308 stones (quivered)
 k - 77 sling bullets
 l - 55 poisoned needles
Rods
 M - a +2 rod of ignition (17/17)
   (You acquired it on level 7 of the Dungeon)
Jewellery
 n - an amulet of regeneration (around mantle)
 o - a +4 ring of evasion (left tentacle)
 q - a ring of protection from magic (right tentacle)
 F - a +2 ring of protection (on tentacle)
 L - an uncursed amulet of the gourmand
 O - a ring of sustain attributes (on tentacle)
 R - the ring "Niwn" (on tentacle) {+Fly rPois Str+2 Dex+6}
   (You bought it in a shop on level 7 of the Dungeon)

   [ring of flight]

   It affects your strength (+2).
   It affects your dexterity (+6).
   It protects you from poison.
   It lets you fly.
Wands
 b - a wand of flame (2/48)
 c - a wand of enslavement (7/24)
 d - a wand of random effects (7/48)
 s - a wand of disintegration (13/24)
 u - a wand of lightning (2/15)
 v - a wand of paralysis (2/24)
 w - a wand of confusion (18/48)
 A - a wand of lightning (6/15)
 K - a wand of acid (14/15)
Scrolls
 e - 2 scrolls of noise
 m - a scroll of identify
 t - a scroll of torment {unknown}
 x - 2 scrolls of magic mapping
 B - 2 scrolls of enchant armour
 D - a scroll of vulnerability {unknown}
Potions
 a - 2 potions of heal wounds
 h - a potion of cancellation
 p - 3 potions of curing
 C - a potion of magic
 I - a potion of haste
Books
 r - a Fen Folio

   Spells                             Type                      Level
   a - Corpse Rot                     Necromancy                   2
   b - Stone Arrow                    Conjuration/Earth            3
   c - Leda's Liquefaction            Hexes/Earth                  4
   d - Summon Forest                  Summoning/Translocation      5
   e - Hydra Form                     Transmutation                6
   f - Summon Hydra                   Summoning                    7
 z - a book of Alchemy

   Spells                             Type                      Level
   a - Sublimation of Blood           Necromancy                   2
   b - Ignite Poison                  Fire/Transmutation/Poison    3
   c - Petrify                        Transmutation/Earth          4
   d - Alistair's Intoxication        Transmutation/Poison         5
   e - Irradiate                      Conjuration/Transmutation    5
 J - a book of Debilitation

   Spells                             Type                      Level
   a - Corona                         Hexes                        1
   b - Slow                           Hexes                        2
   c - Gell's Gravitas                Hexes/Translocation          3
   d - Inner Flame                    Hexes/Fire                   3
   e - Cause Fear                     Hexes                        4
   f - Leda's Liquefaction            Hexes/Earth                  4
Comestibles
 f - 8 bread rations
 g - 3 slices of pizza
 G - 4 fruits


   Skills:
 - Level 1.0 Fighting
 - Level 1.0 Short Blades
 + Level 11.2 Dodging
 - Level 10.7 Stealth
 - Level 7.2 Invocations
 + Level 9.6 Evocations


You had 10 spell levels left.
You didn't know any spells.

Dungeon Overview and Level Annotations

Branches:
Dungeon (11/15)            Temple (1/1) D:6            Lair (0/8) D:9
    Orc (0/2) D:9

Altars:
Ashenzari
Cheibriados
Dithmenos
Elyvilon
Fedhas
Gozag
Makhleb
Nemelex Xobeh
Okawaru
Pakellas
Qazlal
Ru
Sif Muna
Trog
Vehumet
Xom
Yredelemnul
Zin
The Shining One
Jiyva

Shops:
D:7 *


Innate Abilities, Weirdness & Mutations

You cannot wear most types of armour.
You are amphibious.
You can wear up to eight rings at the same time.
You can use your tentacles to constrict eight enemies at once.
Your skin changes colour to match your surroundings (Stealth).
Your rubbery body absorbs attacks (AC +1).
You are frail (-10% HP).
Your spells are a little harder to cast, but a little more powerful.


Message History

You constrict the orc priest.
The orc priest mumbles some strange prayers to Beogh against you.
Pain shoots through your body!
You hit the orc priest but do no damage.
The orc priest is almost dead.
You constrict the orc priest.
The orc priest mumbles some strange prayers to Beogh against you.
Something smites you!
The orc wizard shouts!
You release your grip on the orc priest.
The orc priest misses you.
You see here a wand of polymorph.
The orc priest miscasts a cantrip.
There is an open door here.
The eight-headed hydra bites you! x2
* * * LOW HITPOINT WARNING * * *
The eight-headed hydra bites you!
You die...
Xom chuckles heartily!
Fedhas appreciates your contribution to the ecosystem.

#.......# #.......###
###### +.....[.'.###
#.>... #.......#...##
#.....
#.......###..###.....
#.[.....# ##...'.....
#.......# #####.....
#.......# ######
#...@...# ####D..##
######### ##...####
........# ###.o...#.#
###### ..(.....#
#.'.###.#.# ..[...
........###.#.#.#.#.#
......
.o......#./.#.#.#.#.#
......
........#o###...#...#####
...... ........).#
#.#####.'...# ......


You could see an eight-headed hydra and an orc priest.

Vanquished Creatures
  Maud (D:11)
  Fannar (D:10)
  A hydra (D:11)
  A centaur skeleton (D:9)
  Sigmund (D:2)
  A hungry ghost (D:10)
  Duvessa (D:6)
  An ice beast (D:7)
  A sky beast (D:7)
  5 ogres
  A phantom (D:4)
  3 centaurs
  A big kobold (D:10)
  4 giant frogs
  Dowan (D:6)
  A scorpion (D:5)
  A killer bee (D:11)
  3 vampire bats (D:3)
  2 crimson imps
  3 jellies (D:8)
  3 hounds
  A giant frog skeleton (D:8)
  3 orc priests
  4 orc wizards
  Natasha (thrice) (D:3)
  An iguana (D:10)
  Ijyb (D:3)
  3 worker ants
  2 hound skeletons
  8 gnolls
  7 adders
  A shadow imp (D:7)
  2 oozes
  3 adder skeletons
  A worm (D:5)
  2 giant geckos
  21 orcs
  3 giant cockroaches
  7 goblins
  7 hobgoblins
  9 jackals
  4 quokkas
  10 bats
  4 giant newts
  10 kobolds
  10 rats
  A toadstool (D:7)
165 creatures vanquished.

Vanquished Creatures (collateral kills)
  Erolcha (D:10)
  An unseen horror (D:11)
  A cyclops (D:11)
  A gargoyle (D:11)
  3 wargs (D:9)
  A water moccasin (D:9)
  An ice beast (D:7)
  8 orc warriors
  A phantom (D:9)
  2 sky beasts
  An ogre (D:10)
  A centaur (D:8)
  2 crocodiles
  A gnoll sergeant (D:8)
  A wyvern skeleton (D:11)
  2 scorpions
  12 killer bees
  A crimson imp (D:7)
  A jelly (D:8)
  A giant frog skeleton (D:9)
  A centaur skeleton (D:8)
  5 orc priests
  2 worker ants
  5 orc wizards
  A gnoll (D:7)
  2 shadow imps
  17 orcs
  A kobold (D:10)
  2 quokkas
79 creatures vanquished.

Vanquished Creatures (others)
  A thorn hunter (D:11)
  6 wandering mushrooms
  A necrophage (D:5)
  A scorpion (D:6)
  A worker ant (D:4)
  A worker ant zombie (D:7)
  2 adders (D:6)
  176 toadstools
189 creatures vanquished.

Grand Total: 433 creatures vanquished

Notes
Turn   | Place    | Note
--------------------------------------------------------------
     0 | D:1      | M4edhros the Octopode Artificer began the quest for the Orb.
     0 | D:1      | Reached XP level 1. HP: 13/13 MP: 3/3
   290 | D:2      | Reached XP level 2. HP: 16/18 MP: 4/4
   327 | D:3      | Noticed Ijyb
   335 | D:3      | Killed Ijyb
   335 | D:3      | Reached skill level 4 in Stealth
   335 | D:3      | Reached XP level 3. HP: 6/23 MP: 5/5
   582 | D:3      | Reached skill level 5 in Stealth
   915 | D:3      | Reached XP level 4. HP: 24/28 MP: 6/6
   961 | D:4      | Noticed an ogre
   991 | D:4      | Killed an ogre
   991 | D:4      | Reached skill level 7 in Stealth
   991 | D:4      | Reached XP level 5. HP: 7/33 MP: 7/7
  1323 | D:4      | Found an oddly glowing altar of Pakellas.
  1323 | D:4      | Found a shadowy altar of Dithmenos.
  1323 | D:4      | Found a basalt altar of Yredelemnul.
  1334 | D:4      | Found an iron altar of Okawaru.
  1337 | D:4      | Found an opulent altar of Gozag.
  1397 | D:4      | Noticed a phantom
  1671 | D:4      | Killed a phantom
  1778 | D:5      | Entered Level 5 of the Dungeon
  1838 | D:5      | Noticed a centaur
  1842 | D:5      | Killed a centaur
  1842 | D:5      | Reached skill level 8 in Stealth
  1842 | D:5      | Reached XP level 6. HP: 27/38 MP: 8/8
  2118 | D:5      | Reached skill level 9 in Stealth
  2190 | D:5      | Noticed an orc warrior
  2440 | D:6      | Found a staircase to the Ecumenical Temple.
  2449 | Temple   | Entered the Ecumenical Temple
  2478 | Temple   | Became a worshipper of Xom of Chaos
  2500 | Temple   | Fell from the grace of Xom
  2500 | Temple   | Became a worshipper of Fedhas Madash
  2633 | D:1      | XOM: mild Ice miscast
  2702 | D:1      | XOM: give mutation
  2702 | D:1      | Gained mutation: You are frail (-10% HP). [Xom's mischief]
  3469 | D:2      | Noticed Sigmund
  3475 | D:2      | Killed Sigmund
  3475 | D:2      | Reached skill level 10 in Stealth
  3475 | D:2      | Reached XP level 7. HP: 38/38 MP: 9/9
  3547 | D:2      | Reached * piety under Fedhas
  3801 | D:3      | Noticed Natasha
  3817 | D:3      | Killed Natasha
  3912 | D:3      | Found a deep blue altar of Sif Muna.
  4017 | D:3      | Noticed Natasha
  4030 | D:3      | Killed Natasha
  4195 | D:3      | Noticed Natasha
  4201 | D:3      | Killed Natasha
  4291 | D:5      | Reached skill level 1 in Invocations
  4291 | D:5      | Reached XP level 8. HP: 31/43 MP: 10/10
  4525 | D:6      | XOM: severe Summ miscast
  4526 | D:6      | Noticed a soul eater
  4526 | D:6      | Noticed a hellwing
  4623 | D:6      | XOM: polymorph wandering mushroom -> death cob
  4638 | D:6      | Noticed Duvessa
  4638 | D:6      | Noticed Dowan
  4646 | D:6      | Killed Duvessa
  4655 | D:6      | Killed Dowan
  4872 | D:6      | XOM: mild Divn miscast
  4910 | D:6      | Reached skill level 5 in Dodging
  5051 | D:6      | Found a burning altar of Makhleb.
  5443 | D:6      | XOM: noise
  5663 | D:7      | Reached ** piety under Fedhas
  5778 | D:7      | Reached skill level 5 in Invocations
  5795 | D:7      | Reached XP level 9. HP: 27/47 MP: 10/13
  5903 | D:7      | Found Ostraac's Assorted Antiques.
  6047 | D:7      | Bought a smoking lapis lazuli ring for 125 gold pieces
  6047 | D:7      | Bought a runed hunting sling for 37 gold pieces
  6047 | D:7      | Identified the ring "Niwn" {+Fly rPois Str+2 Dex+6} (You bought it in a shop on level 7 of the Dungeon)
  6052 | D:7      | Identified a scroll of acquirement
  6054 | D:7      | Identified a +0 rod of ignition (14/14) (You acquired it on level 7 of the Dungeon)
  6231 | D:7      | XOM: mild Divn miscast
  6363 | D:8      | XOM: enchant monster (bad)
  6381 | D:8      | Found a viscous altar of Jiyva.
  6858 | D:8      | XOM: polymorph wandering mushroom -> thorn hunter
  6871 | D:8      | Found a shattered altar of Ashenzari.
  6927 | D:8      | Reached *** piety under Fedhas
  7143 | D:8      | XOM: medium Divn miscast
  7308 | D:9      | Found a staircase to the Lair.
  7337 | D:9      | Reached skill level 5 in Evocations
  7423 | D:9      | Reached XP level 10. HP: 52/52 MP: 15/15
  7441 | D:9      | Found a staircase to the Orcish Mines.
  7797 | D:9      | XOM: harmless Necr miscast
  7822 | D:10     | Entered Level 10 of the Dungeon
  7823 | D:10     | Gained mutation: Your spells are a little harder to cast, but a little more powerful. [potion of mutation]
  7837 | D:10     | Noticed Fannar
  7851 | D:10     | Killed Fannar
  7862 | D:10     | Reached **** piety under Fedhas
  7942 | D:10     | XOM: mild Ice miscast
  8111 | D:10     | Noticed Erolcha
  8119 | D:10     | Killed Erolcha
  8119 | D:10     | Reached skill level 10 in Dodging
  8301 | D:10     | XOM: medium Trmt miscast
  8411 | D:10     | XOM: noise
  8583 | D:11     | Noticed a gargoyle
  8590 | D:11     | Killed a gargoyle
  8722 | D:11     | Killed an unseen horror
  8789 | D:11     | Noticed Maud
  8809 | D:11     | Noticed a cyclops
  8818 | D:11     | Killed a cyclops
  8818 | D:11     | Reached XP level 11. HP: 56/56 MP: 17/17
  8840 | D:11     | Killed Maud
  8840 | D:11     | Reached skill level 11 in Dodging
  8944 | D:11     | Noticed a seven-headed hydra
  8953 | D:11     | Killed a seven-headed hydra
  8968 | D:11     | Noticed an eight-headed hydra
  8980 | D:11     | Slain by an eight-headed hydra

Vault maps used:
D:1:      minmay_arrival_plants_in_alcoves, nrook_uturn, roderic_three_in_a_row,
          fountainhead, st_stairs_4
D:2:      uniq_sigmund
D:3:      lemuel_blue_sif_altar, roderic_batcave, supply_closet_lemuel,
          uniq_natasha, uniq_iyjb
D:4:      minmay_overflow_temple_star_hex, hex_large
D:5:      first_bread
D:6:      makhleb_heckhound_becter, minmay_temple_entry_statues_fountains,
          roderic_lattice_a, mrwooster_statue_mirror, minmay_curled_crystal,
          uniq_duvessa
D:7:      serial_shops, nicolae_shop_window_shopping
D:8:      ashenzari_conservatory_becter, jiyva_altar_1
D:9:      erik_lair_orcish_takeover, david_orc_2
D:10:     uniq_urug, uniq_erolcha, uniq_fannar
D:11:     uniq_maud
Temple:   circular_temple_12

Action                   |  1- 3 |  4- 6 |  7- 9 | 10-12 || total
-------------------------+-------+-------+-------+-------++-------
Melee: Short sword       |    43 |    69 |   132 |    79 ||   323
       Mace              |       |       |    62 |       ||    62
 Fire: Hunting sling     |       |       |    25 |    61 ||    86
Invok: Evolution         |       |       |     8 |       ||     8
       Sunlight          |       |       |       |     2 ||     2
Evoke: Wand              |     3 |    13 |    17 |     9 ||    42
       Rod               |       |       |     3 |       ||     3
  Use: Scroll            |       |       |    10 |     4 ||    14
       Potion            |       |       |     8 |     3 ||    11
 Stab: Sleeping          |     8 |    17 |    17 |     4 ||    46
       Confused          |       |     1 |     2 |       ||     3
       Paralysed         |       |       |     1 |     2 ||     3
  Eat: Chunk             |       |     5 |       |       ||     5
       Meat ration       |       |     1 |     2 |       ||     3
       Beef jerky        |       |       |     1 |     1 ||     2
       Bread ration      |       |       |       |     1 ||     1
